 Dungeon Crawl Stone Soup version 0.23.0-33-g5e6c059 (webtiles) character file.

Game seed: 4539156970795559592

35 XSreality the Chopper (level 3, 0/49 HPs)
             Began as a Hill Orc Monk on Feb 26, 2019.
             Slain by an iron imp (7 damage)
             ... summoned by Natasha
             ... on level 2 of the Dungeon.
             The game lasted 00:08:26 (1638 turns).

XSreality the Chopper (Hill Orc Monk)               Turns: 1638, Time: 00:08:27

Health: 0/49       AC: 21    Str: 14    XL:     3   Next: 33%
Magic:  3/3        EV:  2    Int: 10    God:
Gold:   105        SH:  0    Dex: 13    Spells: 2/2 levels left

rFire    . . .     SeeInvis .   a - +0 hand axe
rCold    . . .     Gourm    .   (no shield)
rNeg     + + +     Faith    .   (armour currently unavailable)
rPois    +         Spirit   .   (helmet currently unavailable)
rElec    .         Reflect  .   (cloak currently unavailable)
rCorr    .         Harm     .   (gloves currently unavailable)
MR       .....     NoTele   +   (boots currently unavailable)
Stlth    ++........             (no amulet)
HPRegen  0.16/turn              (no ring)
MPRegen  0.08/turn              (no ring)

@: tree-form, slowed, very slow
A: no striking features
a: no special abilities


You were on level 2 of the Dungeon.
You were not hungry.
You were a tree.
You visited 1 branch of the dungeon, and saw 2 of its levels.

You collected 105 gold pieces.

Inventory:

Hand Weapons
 a - a +0 hand axe (weapon)
 l - a +0 hunting sling
Missiles
 m - 58 stones (quivered)
Armour
 d - a +0 pair of gloves of dexterity (melded)
 j - a +0 leather armour (melded)
Scrolls
 b - a scroll of random uselessness {unknown}
 e - 2 scrolls of amnesia {unknown}
 f - 2 scrolls of identify
 g - a scroll of enchant weapon {unknown}
 h - a scroll of magic mapping {unknown}
 k - a scroll of immolation {unknown}
 o - a scroll of noise {unknown}
 q - a scroll of teleportation {unknown}
Potions
 i - a potion of mutation {unknown}
 n - a potion of lignification
 r - a potion of berserk rage {unknown}
Comestibles
 c - 6 rations


   Skills:
 + Level 4.1 Fighting
 * Level 5.0 Axes
 * Level 0.6 Armour
 - Level 2.5 Dodging
 - Level 1.6 Stealth


You had 2 spell levels left.
You didn't know any spells.
Your spell library was empty.

Dungeon Overview and Level Annotations

Branches:
Dungeon (2/15)

Altars:
Cheibriados
Kikubaaqudgha

Annotations:
D:2 Natasha


Message History

It was a potion of lignification.
You turn into a tree.
Your +0 pair of gloves of dexterity melds into your body.
Your +0 leather armour melds into your body.
You feel clumsy.
Your roots penetrate the ground.
Natasha claws you but does no damage.
You cannot move.
You hit Natasha.
Natasha is moderately wounded.
Natasha claws you but does no damage.
Natasha casts a spell.
You hit Natasha.
Natasha is severely wounded.
You hit the iron imp but do no damage. Natasha claws you.
* * * LOW HITPOINT WARNING * * *
The iron imp hits you but does no damage.
You hit Natasha.
Natasha is severely wounded.
You barely miss the iron imp. Natasha claws you but does no damage.
The iron imp hits you!
You die...

#...........#.###..#.##.........
###.###.######.#...#.##.###.....
#.# #.# ##.#..#.##.# #.#.##
#.###.#######....#.##.# #.#.##
#†÷##<#..(......##.##.###.#.##
##.##..>.....................#
#.####.#####.#.#####.#.#.###.
#.# #.# #5#.......#..## ## #.#
#.# #♣#..####.#.)# # #.####.##
#h#..####.#..## ## #.......#
#.#...........###. ######..#
#.##.####.#.......
###..####.##.# #.#####.##
#.........##.# #.# #.#
#.##########.# #.# #.# #.# #.#
#.# #.# #.# #.# #.# #.##


You could see an iron imp and Natasha.

Vanquished Creatures
  A leopard gecko (D:2)
  2 giant cockroaches
  6 goblins
  5 hobgoblins
  5 jackals
  A ball python (D:1)
  6 bats
  A kobold (D:1)
  4 rats
31 creatures vanquished.

Notes
Turn   | Place    | Note
-------+----------+-------------------------------------------
     0 | D:1      | XSreality the Hill Orc Monk began the quest for the Orb.
     0 | D:1      | Reached XP level 1. HP: 19/19 MP: 1/1
   130 | D:1      | Reached XP level 2. HP: 17/27 MP: 2/2
   485 | D:1      | Found a snail-covered altar of Cheibriados.
   914 | D:2      | Noticed Natasha
   990 | D:2      | Reached XP level 3. HP: 13/33 MP: 3/3
  1362 | D:2      | Found an ancient bone altar of Kikubaaqudgha.
  1553 | D:2      | Reached skill level 5 in Axes
  1638 | D:2      | Slain by an iron imp

Skill      XL: |  1  2  3 |
---------------+----------+-----
Fighting       | 4 |  4.1
Axes           | 5 |  5.0
Armour         | |  0.6
Dodging        | |  2.5
Stealth        | |  1.6

Action                   || total
-------------------------++-------
Melee: Hand axe          ||   121
  Use: Scroll            ||     1
       Potion            ||     1
 Stab: Sleeping          ||     4
  Eat: Chunk             ||     2
Armor: Robe              ||    16
       Leather armour    ||    10
       Skin              ||     4
Dodge: Dodged            ||    85
